 Dungeon Crawl Stone Soup version 0.31-a0-853-gc9b61b78f7 (webtiles) character file.

Game seed: 17347541489173871179

183 CrazyBamboolord the Trooper (level 5, -2/57 HPs)
             Began as an Ogre Fighter on Oct 8, 2023.
             Slain by a scorpion (3 damage)
             ... on level 3 of the Dungeon.
             The game lasted 00:04:26 (3040 turns).

CrazyBamboolord the Trooper (Ogre Fighter)          Turns: 3040, Time: 00:04:27

Health: -2/57      AC:  3    Str: 22    XL:     5   Next: 62%
Magic:  5/5        EV:  9    Int:  9    God:
Gold:   174        SH:  9    Dex:  8    Spells: 4/4 levels left

rFire   . . .        a - +0 war axe
rCold   . . .        c - +1 kite shield
rNeg    . . .        b - +0 robe
rPois   .            (helmet restricted)
rElec   .            (no cloak)
rCorr   .            (gloves unavailable)
SInv    .            (boots unavailable)
Will    .....        (no amulet)
Stlth   +            (no ring)
HPRegen 0.29/turn    (no ring)
MPRegen 0.09/turn

%: no passive effects
@: lethally poisoned (-2 -> -10)
A: large, unfitting armour, tough skin 1
a: no special abilities


You were on level 3 of the Dungeon.
You visited 1 branch of the dungeon, and saw 4 of its levels.

You collected 174 gold pieces.

Inventory:

Hand Weapons
 a - a +0 war axe (weapon)
Missiles
 g - 2 silver javelins (quivered)
Armour
 b - a +0 robe (worn)
 c - a +1 kite shield (worn)
Scrolls
 e - 2 scrolls of enchant armour
 f - a scroll of immolation {unknown}
 h - 2 scrolls of blinking
 i - a scroll of enchant weapon {unknown}
 k - a scroll of amnesia {unknown}
Potions
 d - a potion of might
 j - 2 potions of haste


   Skills:
 * Level 5.2 Fighting
 * Level 3.0 Axes
 + Level 1.5 Throwing
 * Level 3.5 Dodging
 * Level 3.9 Shields


You had 4 spell levels left.
You didn't know any spells.
Your spell library contained the following spells:

 Spells                   Type           Power      Damage    Failure   Level
 Olgreb's Toxic Radiance  Pois           0%         N/A       100%        4
 Discord                  Hex            0%         N/A       100%        8
 Ignition                 Fire           0%         3d3       100%        8


Dungeon Overview and Level Annotations

Branches:
Dungeon (4/15)
 Temple: D:4-7

Altars:
Cheibriados
Hepliaklqana

Annotations:
D:4 Dowan, Duvessa


Innate Abilities, Weirdness & Mutations

You are too large for most types of armour.
You have tough skin. (AC +1)


Message History

You feel very sick.
The scorpion stings you but does no damage.
The adder bites you but does no damage. The scorpion stings you.
* * * LOW HITPOINT WARNING * * *
You are lethally poisoned!
The scorpion poisons you! The adder bites you but does no damage.
You are confused.
You feel invigorated.
* * * LOW HITPOINT WARNING * * *
You feel very sick. The scorpion closely misses you.
The adder closely misses you.
Unknown command.
You barely miss the adder. You hit the scorpion.
* * * LOW HITPOINT WARNING * * *
You feel very sick. The scorpion stings you.
* * * LOW HITPOINT WARNING * * *
You are more poisoned.
The scorpion poisons you! The adder bites you.
* * * LOW HITPOINT WARNING * * *
The scorpion closely misses you. The adder bites you but does no damage.
* * * LOW HITPOINT WARNING * * *
You feel very sick. The adder bites you.
* * * LOW HITPOINT WARNING * * *
Things that are here:
a +0 spear; a gnoll corpse Unknown command.
You barely miss the scorpion.
The scorpion is severely wounded.
You miss the adder.
You feel less invigorated.
You feel less confused.
* * * LOW HITPOINT WARNING * * *
You feel very sick. You block the adder's attack.
The scorpion barely misses you. The adder closely misses you.
The scorpion closely misses you.
Okay, then.
* * * LOW HITPOINT WARNING * * *
You feel sick. You block the adder's attack. The scorpion stings you.
You die...

.....##..#######.# #######.#.##.#
#....###.........###....##...##.#
#....# #...........+........###.#
###### #........####............#
#........#........<#.##).#
#........#.#.....###.#....
#........#.#.........#.###
#........#.......###.#.#
#........@S.#....# #.#.# #
#########)s##....# #.#.# #
#####....# #.#.# # #....# #..[# #
#....# ###.### #....## #.'..
#.....## #.### #####..###.# #
##..##.# #


You could see a scorpion and an adder.

Vanquished Creatures
  An iguana (D:3)
  8 gnolls
  4 worms (D:2)
  4 dart slugs
  2 orcs (D:3)
  3 bats (D:1)
  3 endoplasms (D:2)
  2 giant cockroaches
  6 goblins
  4 hobgoblins (D:2)
  7 quokkas
  4 ball pythons
  7 frilled lizards
  4 kobolds
  2 rats
61 creatures vanquished.

Notes
Turn   | Place    | Note
-------+----------+-------------------------------------------
     0 | D:1      | CrazyBamboolord the Ogre Fighter began the quest for the
                  | Orb.
     0 | D:1      | Reached XP level 1. HP: 24/24 MP: 1/1
    37 | D:1      | Found a faded altar of an unknown god.
   268 | D:1      | Reached XP level 2. HP: 32/32 MP: 2/2
   671 | D:2      | Reached XP level 3. HP: 26/40 MP: 3/3
  1324 | D:1      | Reached XP level 4. HP: 24/49 MP: 4/4
  1524 | D:2      | Reached skill level 1 in Throwing
  2091 | D:3      | Found a snail-covered altar of Cheibriados.
  2091 | D:3      | Found a hazy altar of Hepliaklqana.
  2155 | D:3      | Found the +18 Lear's hauberk
  2441 | D:3      | Reached skill level 5 in Fighting
  2441 | D:3      | Reached XP level 5. HP: 38/57 MP: 5/5
  2712 | D:4      | Noticed Duvessa
  2713 | D:4      | Noticed Dowan
  2737 | D:4      | Noticed a phantom
  3038 | D:3      | HP: 2/57 [adder (3)]
  3040 | D:3      | Slain by a scorpion

Illustrated notes

Levels and vault maps discovered:
D:1:      wander_arrival_lonely_grave, layout_basic,
          ebering_ecumenical_altar_abandoned
D:2:      layout_loops_ring, minmay_quadrilaterals
D:3:      layout_basic, grunt_temple_overflow_open, minmay_door_square
D:4:      layout_rooms, uniq_duvessa

Skill      XL: |  1  2  3  4  5 |
---------------+----------------+-----
Dodging        | 3 |  3.5
Throwing       | 1 |  1.5
Fighting       | 5 |  5.2
Axes           | 3 |  3.0
Shields        | |  3.9

Action                     |  1- 3 |  4- 6 || total
---------------------------+-------+-------++-------
  Melee: War axe           |    97 |    94 ||   191
    Use: Scroll            |     5 |       ||     5
         Potion            |       |     2 ||     2
   Stab: Sleeping          |     1 |       ||     1
 Armour: Robe              |    66 |    84 ||   150
  Dodge: Dodged            |    48 |    54 ||   102
  Block: Kite shield       |    69 |    55 ||   124

Table legend: (Time is in decaauts)
 A = Elapsed time spent in this place.
 B = Non-inter-level travel time spent in this place.
 C = Inter-level travel time spent in this place.
 D = Time resting spent in this place.
 E = Time spent auto-exploring this place.
 F = Levels seen in this place.
 G = Mean time per level.
                   A        B        C        D        E       F      G
               +--------+--------+--------+--------+--------+-----+--------+
         Total |   3142 |   3007 |    135 |    670 |   1752 |   4 |  785.5 |
       Dungeon |   3142 |   3007 |    135 |    670 |   1752 |   4 |  785.5 |
               +--------+--------+--------+--------+--------+-----+--------+

Top non-repeatable levels by time:
     D:3: 1103 daAuts
     D:1: 1024 daAuts
     D:2: 992 daAuts
     D:4: 22 daAuts
